Map: Eastwatch LE

Players

Arctur

  • Race: Terran Terran
  • Spawn Location: 7:00

Bly - Winner!

  • Race: Zerg Zerg
  • Spawn Location: 1:00

Event: WCS Leipzig 2018

VOD

Have the link to the VOD?

Description

Time

  • Played on: Jan. 26, 2018, 6:37 a.m.
  • Length: 13:35

All games in this series

Show
View Real Time Build Order
Export as new Build Order

Arctur Terran 

Build Orders: Command Center First (CC), Bio Tank 

Get SALT Encoding   

  12  0:00  SCV  
  13  0:12  SCV  
  14  0:17  Supply Depot  
  14  0:24  SCV  
  15  0:39  SCV  
  16  0:51  SCV  
  17  1:00  Command Center  
  17  1:03  SCV  
  18  1:14  Barracks  
  18  1:17  SCV  
  19  1:22  Refinery  
  19  1:29  SCV  
  19  1:32  Refinery  
  20  1:41  SCV  
  21  1:53  SCV  
  22  2:01  Marine  
  23  2:08  Orbital Command  
  23  2:11  Factory  
  23  2:15  Orbital Command  
  23  2:20  Barracks Reactor  
  23  2:34  SCV  
  24  2:41  SCV  
  25  2:46  SCV  
  26  2:55  Starport  
  26  3:00  SCV  
  26  3:01  SCV  
  26  3:02  Hellion x2, Barracks Tech Lab  
  32  3:13  SCV x2  
  32  3:15  Supply Depot  
  34  3:23  Hellion x2  
  38  3:33  SCV  
  38  3:37  SCV, Viking  
  41  3:48  SCV  
  41  3:49  SCV  
  41  3:52  Command Center  
  41  3:55  Supply Depot  
  43  3:58  Stimpack  
  43  4:00  SCV  
  43  4:02  SCV  
  45  4:13  SCV  
  45  4:16  SCV, Barracks  
  47  4:20  Barracks, Starport Reactor  
  47  4:23  Supply Depot  
  47  4:25  SCV  
  47  4:26  Factory Tech Lab  
  47  4:28  SCV, Marine  
  50  4:37  SCV  
  51  4:40  SCV  
  50  4:47  Marine  
  50  4:49  SCV  
  51  4:52  SCV  
  51  4:55  Siege Tank  
  51  4:56  Engineering Bay  
  51  4:57  Engineering Bay  
  54  5:01  SCV  
  54  5:03  Bunker  
  54  5:04  Marine x3  
  58  5:09  Orbital Command  
  58  5:13  SCV x2  
  60  5:15  Starport Reactor  
  60  5:18  Marine x2  
  60  5:22  Marine x2  
  60  5:25  Bunker  
  60  5:27  SCV, Siege Tank  
  60  5:28  SCV  
  65  5:35  Terran Infantry Weapons Level 1, Terran Infantry Armor Level 1  
  65  5:37  Refinery  
  65  5:39  Refinery, Orbital Command  
  65  5:44  Marine x2  
  65  5:47  Marine x2  
  69  5:50  Supply Depot  
  69  5:54  Medivac  
  71  5:59  SCV, Siege Tank  
  71  6:00  SCV  
  76  6:04  Barracks  
  76  6:05  Barracks  
  76  6:08  Marine  
  77  6:12  Marine x3  
  77  6:13  Supply Depot  
  77  6:15  Supply Depot, Combat Shields  
  77  6:17  SCV x2  
  82  6:18  SCV  
  82  6:20  Marine  
  84  6:30  Marine  
  85  6:34  Marine x2  
  85  6:35  Siege Tank  
  85  6:37  Supply Depot  
  85  6:38  Supply Depot  
  90  6:42  Medivac  
  90  6:44  SCV  
  90  6:45  SCV  
  94  6:48  SCV  
  94  6:50  Medivac  
  94  6:52  Barracks Reactor x2  
  95  6:57  SCV x2  
  90  7:17  Medivac  
  90  7:20  SCV x2, Medivac  
  90  7:21  SCV  
  91  7:25  Armory, Marine x2  
  93  7:32  SCV  
  93  7:33  SCV  
  93  7:35  Siege Tank  
  98  7:38  Marine x3, Marauder  
  106  7:54  Refinery  
  106  7:58  Barracks  
  106  8:00  Barracks  
  106  8:01  Marine x3  
  106  8:02  Barracks  
  109  8:07  Supply Depot  
  109  8:09  Bunker, Supply Depot  
  109  8:11  Siege Tank  
  112  8:15  Terran Infantry Weapons Level 2  
  112  8:16  Terran Infantry Armor Level 2  
  112  8:17  Marine  
  112  8:18  Marine x5  
  114  8:26  Medivac  
  114  8:27  Medivac, Marine x3  
  117  8:35  Marine x2  
  117  8:36  SCV  
  117  8:38  Supply Depot  
  117  8:40  Supply Depot  
  120  8:42  Marine x3, Marauder  
  120  8:44  Siege Tank  
  120  8:45  Marine x3  
  131  8:50  Barracks Tech Lab x3  
  131  8:53  Marine  
  131  8:56  Medivac  
  131  9:01  SCV x2  
  133  9:02  SCV  
  133  9:03  Marauder  
  133  9:08  Liberator  
  133  9:09  Marauder, Marine  
  131  9:10  Marauder  
  131  9:11  Liberator  
  131  9:12  Marine x4  
  132  9:25  Marauder  
  132  9:30  Marauder x2  
  136  9:35  SCV  
  134  9:52  Marine x6, Marauder  
  131  9:53  Marine x2  
  131  9:56  Liberator x2  
  131  9:57  Siege Tank  
  131  9:59  Marine  
  142  10:00  Marauder  
  146  10:17  Marine, Marauder  
  145  10:29  Siege Tank  
  145  10:31  Command Center  
  145  10:33  Marauder  
  149  10:37  Supply Depot  
  149  10:40  Supply Depot  
  149  10:49  Marine  
  149  10:52  Marine x4  
  149  10:53  Marauder  
  149  10:54  Marauder x2  
  149  10:56  SCV x2, Marine x3, Marauder  
  148  11:00  Supply Depot  
  141  11:10  Marine  
  141  11:11  Siege Tank  
  122  11:14  Marauder  
  122  11:17  Marine  
  122  11:18  Marine x8, Marauder  
  110  11:31  Marine  
  107  11:35  Marine  
  107  11:36  SCV, Marauder  
  107  11:37  SCV, Liberator x2, Marine x2, Marauder  
  110  11:43  Siege Tank  
  110  11:44  Marine x2, Marauder  
  97  12:02  SCV x2  
  79  12:14  SCV x2  
  61  12:24  Orbital Command  
  61  12:26  SCV x2  
  61  12:32  Marine x3, Marauder  
  61  12:34  Siege Tank  
  66  12:38  SCV x2  
  62  12:50  SCV x2  
  62  12:51  SCV  
  55  13:02  SCV  
  55  13:03  SCV x2  
  54  13:14  SCV  
  54  13:19  SCV  
Show
View Real Time Build Order
Export as new Build Order

Bly Zerg - Winner!

Build Orders: Hatch First 

Get SALT Encoding   

  12  0:01  Drone  
  13  0:12  Overlord  
  13  0:17  Drone  
  14  0:30  Drone x2  
  14  0:34  Drone  
  17  0:51  Hatchery  
  17  0:55  Drone  
  17  1:03  Extractor  
  16  1:10  Spawning Pool  
  15  1:12  Drone  
  15  1:16  Drone  
  17  1:20  Drone  
  18  1:29  Drone  
  19  1:39  Overlord  
  19  1:56  Queen  
  19  1:58  Zergling x2  
  19  2:01  Zergling x2  
  23  2:03  Metabolic Boost  
  23  2:04  Queen  
  26  2:08  Drone  
  26  2:26  Drone x4  
  30  2:39  Hatchery  
  29  2:45  Drone x2  
  29  2:49  Overlord  
  31  2:54  Drone  
  31  2:55  Drone  
  31  2:58  Drone  
  34  3:03  Queen  
  36  3:12  Drone x4  
  40  3:25  Overlord  
  40  3:26  Drone  
  40  3:27  Drone  
  40  3:35  Drone x2  
  42  3:42  Drone  
  42  3:44  Overlord  
  43  3:50  Queen  
  43  3:53  Roach Warren, Queen  
  43  3:54  Extractor  
  45  4:03  Drone x3  
  45  4:05  Drone x3  
  45  4:06  Drone, Extractor  
  51  4:29  Queen  
  53  4:34  Roach x2  
  53  4:35  Overlord x2  
  53  4:37  Lair  
  57  4:40  Evolution Chamber  
  54  4:48  Roach  
  54  4:49  Roach  
  54  4:52  Overlord x2  
  58  4:55  Roach  
  58  4:56  Roach x5  
  70  5:02  Roach  
  70  5:03  Roach  
  74  5:07  Zerg Ground Armor Level 1  
  74  5:12  Drone x3  
  77  5:20  Zergling x8  
  81  5:23  Drone  
  81  5:28  Overlord  
  82  5:33  Overlord  
  82  5:39  Glial Reconstitution  
  82  5:40  Infestation Pit  
  82  5:42  Extractor  
  80  5:47  Drone  
  80  5:48  Drone x5  
  80  5:49  Drone  
  87  5:54  Overlord  
  87  5:57  Drone x3  
  90  6:08  Ravager  
  90  6:09  Drone x6  
  90  6:10  Drone  
  98  6:13  Drone x2  
  100  6:23  Hive  
  100  6:36  Extractor, Overlord  
  100  6:37  Overlord x3  
  100  6:38  Extractor  
  97  6:55  Drone x11  
  97  6:56  Drone  
  97  6:58  Infestor  
  97  7:01  Infestor  
  109  7:12  Hatchery  
  109  7:13  Roach x5  
  108  7:25  Infestor x2  
  108  7:26  Infestor  
  108  7:29  Drone x4  
  118  7:33  Hatchery  
  115  7:39  Ultralisk Cavern  
  115  7:40  Zergling x14  
  121  7:54  Zerg Ground Armor Level 2  
  121  7:57  Zergling x8  
  125  7:58  Evolution Chamber  
  124  8:09  Ravager x4  
  124  8:10  Overlord x4  
  124  8:11  Overlord x5  
  118  8:30  Chitinous Plating  
  118  8:31  Ultralisk  
  124  8:35  Zergling x20  
  124  8:40  Drone  
  124  8:41  Drone x4  
  139  8:43  Zerg Melee Weapons Level 1  
  132  9:08  Ultralisk x2, Zergling x2  
  132  9:09  Zergling x24  
  150  9:18  Extractor x2  
  148  9:28  Ultralisk x2  
  148  9:30  Hatchery  
  145  9:50  Ultralisk x2  
  146  10:00  Zergling x24  
  146  10:01  Zergling x14  
  146  10:02  Drone  
  146  10:03  Drone  
  166  10:18  Ultralisk x2, Zergling x6  
  176  10:28  Zergling x10  
  179  10:43  Zergling x12  
  179  10:44  Overlord  
  160  11:14  Zergling x26  
  171  11:19  Ultralisk x2  
  179  11:31  Roach x5  
  188  11:34  Spire  
  166  11:56  Ultralisk  
  166  11:57  Ultralisk x3  
  180  12:06  Ultralisk x2  
  184  12:10  Zergling x2  
  184  12:11  Zergling x14  
  161  12:27  Ultralisk x2  
  161  12:28  Zergling x2  
  161  12:29  Zergling x12  
  168  12:47  Ultralisk  
  168  12:48  Ultralisk  
  179  12:56  Zergling x2  
  179  12:57  Zergling x22, Queen x2  
  194  13:11  Ravager x2  
Tags
 
Add a new tag
Caveats
  • Supply blocks, unpowered buildings, or Contaminate may cause inaccurate times.
  • Supply counts are checked every 10 seconds.